 Dungeon Crawl Stone Soup version 0.24-a0-441-g27f0392e16 (webtiles) character file.

Game seed: 7516864575452557174

256 KristoblXynda the Slasher (level 5, -1/46 HPs)
             Began as a Draconian Gladiator on June 19, 2019.
             Was a Follower of Ru.
             Slain by an orc wizard
             ... wielding a +0 dagger
              (3 damage)
             ... on level 4 of the Dungeon.
             The game lasted 00:05:03 (3626 turns).

KristoblXynda the Slasher (Draconian Gladiator)     Turns: 3626, Time: 00:05:04

Health: -1/46      AC:  6    Str: 17    XL:     5   Next: 92%
Magic:  5/5        EV: 10    Int:  9    God:    Ru [*.....]
Gold:   171        SH:  0    Dex: 12    Spells: 4/4 levels left

rFire    . . .     SeeInvis .   a - +1 long sword
rCold    . . .     Gourm    .   (no shield)
rNeg     . . .     Faith    .   (armour unavailable)
rPois    .         Spirit   .   b - +1 hat
rElec    .         Reflect  .   (no cloak)
rCorr    .         Harm     .   (no gloves)
MR       .....                  (no boots)
Stlth    +.........             (no amulet)
HPRegen  0.15/turn              k - -3 ring of evasion (curse)
MPRegen  0.09/turn              (no ring)

@: no status effects
A: unfitting armour, cold-blooded, hated by all, AC +5
a: Renounce Religion


You were on level 4 of the Dungeon.
You worshipped Ru.
Ru was aware of your devotion.
You were not hungry.

You visited 1 branch of the dungeon, and saw 4 of its levels.

You collected 171 gold pieces.

Inventory:

Hand Weapons
 a - a +1 long sword (weapon)
Missiles
 c - 3 throwing nets (quivered)
Armour
 b - a +1 hat (worn)
Jewellery
 k - a cursed -3 ring of evasion (left hand)
Scrolls
 g - a scroll of enchant weapon
 h - 2 scrolls of identify
Comestibles
 d - 6 rations


   Skills:
 + Level 3.8 Fighting
 * Level 5.1 Long Blades
 - Level 2.0 Throwing
 + Level 3.8 Dodging


You had 4 spell levels left.
You didn't know any spells.
Your spell library contained the following spells:

 Spells                   Type           Power        Failure   Level  Hunger
 Confusing Touch          Hex            #.....       38%         1    ##.....
 Confuse                  Hex            #.......     77%         3    ####...
 Gell's Gravitas          Tloc           #.........   77%         3    ####...
 Petrify                  Tmut/Erth      #.......     99%         4    #####..
 Metabolic Englaciation   Hex/Ice        #.........   100%        5    ######.
 Yara's Violent Unravell  Hex/Tmut       #.........   100%        5    ######.


Dungeon Overview and Level Annotations

Branches:
Dungeon (4/15)
 Temple: D:4-7

Altars:
Ashenzari
Ru


Innate Abilities, Weirdness & Mutations

Your plain brown scales are hard. (AC +5)
You cannot fit into any form of body armour.
You are cold-blooded and may be slowed by cold attacks.
You are hated by all.


Message History

You barely miss the orc wizard.
The orc wizard is severely wounded.
The orc wizard hits you with a +0 dagger.
* * * LOW HITPOINT WARNING * * *
The orc priest invokes the aid of Beogh against you.
Beogh smites you!
* * * LOW HITPOINT WARNING * * *
The orc wizard hits you but does no damage. x2
You slash the orc wizard!
You kill the orc wizard!
The orc wizard hits you with a +0 dagger.
* * * LOW HITPOINT WARNING * * *
The orc wizard hits you but does no damage.
Unknown command.
You hit the orc priest.
The orc priest is lightly wounded.
The orc priest mumbles some strange prayers to Beogh against you.
You barely resist.
The orc wizard hits you with a +0 dagger.
You die...

###########.#
###
#...........#
..#
#.###########
#s# #.# #o#
#.# #o# #.#
#.# #.#
#s######.#
#ooo@o...#
##########


You could see an orc priest, an orc wizard, 2 orcs and a giant cockroach.

Vanquished Creatures
  A scorpion (D:4)
  A hound (D:4)
  An orc wizard (D:4)
  7 adders
  3 oozes
  An adder skeleton (D:4)
  A worm (D:2)
  2 dart slugs
  2 leopard geckos
  2 orcs (D:3)
  5 bats
  4 giant cockroaches
  11 goblins
  6 hobgoblins
  7 kobolds
  2 quokkas
  9 frilled lizards
  5 rats
70 creatures vanquished.

Notes
Turn   | Place    | Note
-------+----------+-------------------------------------------
     0 | D:1      | KristoblXynda the Draconian Gladiator began the quest for
                  | the Orb.
     0 | D:1      | Reached XP level 1. HP: 17/17 MP: 1/1
   148 | D:1      | Reached XP level 2. HP: 15/25 MP: 2/2
   474 | D:1      | Reached XP level 3. HP: 22/30 MP: 3/3
   858 | D:2      | Found a sacrificial altar of Ru.
  1045 | D:2      | Became a worshipper of Ru the Awakened
  1467 | D:2      | Reached skill level 4 in Long Blades
  1467 | D:2      | Reached XP level 4. HP: 33/38 MP: 4/4
  1930 | D:2      | Found a shattered altar of Ashenzari.
  2776 | D:3      | Reached XP level 5. HP: 38/45 MP: 5/5
  3052 | D:3      | Gained mutation: You are hated by all. [Ru sacrifice]
  3052 | D:3      | Reached * piety under Ru
  3109 | D:4      | Noticed a phantom
  3139 | D:4      | HP: 2/46 [poisoned by a scorpion]
  3578 | D:4      | Reached skill level 5 in Long Blades
  3625 | D:4      | HP: 1/46 [orc wizard/+0 dagger (2)]
  3626 | D:4      | Slain by an orc wizard

Levels and vault maps discovered:
D:1:      lightli_arrival_quake, layout_rooms
D:2:      layout_loops_corners, marbit_many_paths, nicolae_ru_awakened_eye
D:3:      layout_loops_ring, first_ration, minmay_misc_feat_four_crosses
D:4:      layout_loops_ring

Skill      XL: |  1  2  3  4  5 |
---------------+----------------+-----
Throwing       | 2 |  2.0
Dodging        | 3 |  3.8
Fighting       | 3 |  3.8
Long Blades    | 4 5 |  5.1

Action                   |  1- 3 |  4- 6 || total
-------------------------+-------+-------++-------
Melee: Long sword        |    84 |   112 ||   196
       Tailslap          |    16 |    13 ||    29
Invok: Sacrifice Love    |       |     1 ||     1
  Use: Scroll            |       |     7 ||     7
       Potion            |       |     3 ||     3
 Stab: Sleeping          |     1 |       ||     1
  Eat: Chunk             |     1 |     6 ||     7
       Ration            |       |     1 ||     1
Armor: Skin              |    19 |    37 ||    56
Dodge: Dodged            |    78 |    74 ||   152
       Rpst.: Long sword |    19 |    26 ||    45

Table legend:
 A = Non-vault XP
 B = Vault XP
 C = Vault XP percentage of total XP
 D = Non-vault monster count
 E = Vault monster count
 F = Vault count percentage of total count
                 A         B        C        D         E       F
            +---------+---------+-------+---------+---------+-------
      Total |     366 |       1 |   0.3 |      69 |       1 |   1.4
            +---------+---------+-------+---------+---------+-------
        D:1 |      52 |       0 |   0.0 |      29 |       0 |   0.0
        D:2 |      83 |       1 |   1.2 |      17 |       1 |   5.6
        D:3 |      65 |       0 |   0.0 |      18 |       0 |   0.0
        D:4 |     166 |       0 |   0.0 |       5 |       0 |   0.0
            +---------+---------+-------+---------+---------+-------
